 Dungeon Crawl Stone Soup version 0.28-a0-1190-g77e1c55843 (webtiles) character file.

Game seed: 5185472159577027060

2370 pokeman the Thaumaturge (level 9, -3/49 HPs)
             Began as a Deep Elf Hedge Wizard on Dec 18, 2021.
             Killed from afar by a white imp (10 damage)
             ... with a puff of frost
             ... on level 6 of the Dungeon on Dec 19, 2021.
             The game lasted 00:14:14 (7131 turns).

pokeman the Thaumaturge (Deep Elf Hedge Wizard)     Turns: 7131, Time: 00:14:14

Health: -3/49      AC:  4    Str:  7    XL:     9   Next: 21%
Magic:  19/26      EV: 12    Int: 24    God:
Gold:   237        SH:  0    Dex: 14    Spells: 19/30 levels left

rFire   + . .      SeeInvis .   i - +1 short sword (drain)
rCold   . . .      Faith    .   (no shield)
rNeg    . . .      Spirit   .   r - +0 leather armour
rPois   .          Reflect  .   c - +0 hat
rElec   .          Harm     .   (no cloak)
rCorr   .          Rampage  .   m - +0 pair of gloves
Will    .....                   (no boots)
Stlth   ++........              (no amulet)
HPRegen 0.16/turn               h - ring of protection from fire
MPRegen 0.20/turn               (no ring)

@: on blink cooldown
A: no striking features
a: no special abilities


You were on level 6 of the Dungeon.
You visited 2 branches of the dungeon, and saw 7 of its levels.

You collected 237 gold pieces.

Inventory:

Hand Weapons
 i - a +1 short sword of draining (weapon)
 A - a +0 shortbow
Missiles
 f - 100 arrows
 k - 69 bolts
 x - 2 throwing nets
Armour
 c - a +0 hat (worn)
 m - a +0 pair of gloves (worn)
 r - a +0 leather armour (worn)
 u - a +2 ring mail of poison resistance
Jewellery
 h - a ring of protection from fire (left hand)
Wands
 p - a wand of polymorph (7)
 v - a wand of flame (9)
Scrolls
 a - 2 scrolls of torment {unknown}
 b - a scroll of acquirement {unknown}
 j - 6 scrolls of identify {unknown}
 n - a scroll of fog {unknown}
 o - a scroll of brand weapon {unknown}
 y - 3 scrolls of teleportation {unknown}
 B - a scroll of immolation {unknown}
 C - a scroll of enchant armour {unknown}
Potions
 d - 3 potions of curing {unknown}
 e - 2 potions of attraction {unknown}
 g - a potion of resistance {unknown}
 l - a potion of degeneration {unknown}
 q - a potion of cancellation {unknown}
 s - a potion of berserk rage {unknown}
 t - a potion of might {unknown}
 w - a potion of ambrosia {unknown}
 z - a potion of invisibility {unknown}
 D - a potion of mutation {unknown}
 E - a potion of heal wounds {unknown}


   Skills:
 + Level 2.4 Fighting
 - Level 3.0 Armour
 - Level 3.0 Dodging
 - Level 3.2 Stealth
 * Level 11.1 Spellcasting
 + Level 6.0 Conjurations
 - Level 1.1 Summonings
 - Level 1.1 Translocations
 + Level 4.8 Fire Magic
 - Level 1.3 Air Magic
 - Level 1.0 Poison Magic
 - Level 1.3 Evocations


You had 19 spell levels left.
You knew the following spells:

 Your Spells              Type           Power      Damage    Failure   Level
a - Magic Dart            Conj           100%       1d8       1%          1
b - Mephitic Cloud        Conj/Pois/Air  26%        N/A       6%          3
c - Call Imp              Summ           18%        N/A       7%          2
d - Blink                 Tloc           36%        N/A       7%          2
e - Conjure Flame         Conj/Fire      39%        6-21      2%          3

Your spell library contained the following spells:

 Spells                   Type           Power      Damage    Failure   Level
 Slow                     Hex            52%        N/A       7%          1
 Portal Projectile        Hex/Tloc       32%        N/A       16%         3
 Blade Hands              Tmut           6%         N/A       88%         5
 Excruciating Wounds      Necr           6%         N/A       88%         5


Dungeon Overview and Level Annotations

Branches:
Dungeon (6/15)             Temple (1/1) D:5

Altars:
Ashenzari
Cheibriados
Dithmenos
Elyvilon
Fedhas
Gozag
Hepliaklqana
Kikubaaqudgha
Makhleb
Nemelex Xobeh
Okawaru
Qazlal
Ru
Uskayaw
Wu Jian
Xom
Yredelemnul
Zin


Message History

You are engulfed in noxious fumes.
The white imp gestures at you. The puff of frost hits you.
Things that are here:
a +0 mace; a +0 leather armour; an orc corpse You're too confused to move!
You are engulfed in noxious fumes.
You choke on the stench!
You are more confused.
The orc hits you with a +1 vampiric dagger.
The orc hits you but does no damage.
The orc wizard is engulfed in noxious fumes.
The orc wizard appears confused.
The orc wizard hits the orc with a +0 dagger.
You hit the orc.
You kill the orc!
The white imp gestures at you. The puff of frost hits you!
The orc wizard is engulfed in noxious fumes.
Unknown command.
You're too confused to cast spells.
Sorry, you're not good enough to have a special ability.
Unknown command.
You're too confused to cast spells.
Sorry, you're not good enough to have a special ability.
Unknown command.
The white imp gestures at you. The puff of frost hits you!
The white imp hits you. The white imp freezes you.
* * * LOW HITPOINT WARNING * * *
The white imp closely misses you.
You feel less confused. The white imp gestures at you.
The puff of frost hits you!
* * * LOW HITPOINT WARNING * * *
Casting: Mephitic Cloud (dangerous; 6% risk of failure)
Confirm with . or Enter, or press ? or * to list all spells.
You blink.
The orc wizard seems less confused.
The white imp gestures at you. The puff of frost hits you!
You die...

##### .##.####
.......### .#
..>#.....### ..
...##......### .#
...###.......### ##.#
...# ###.(.....####..#
..## ##.#.......@##.#
..# #..............#
.## #.............5###
.#
#.............ยง..##..
##
#............)).......
#.............#.......
##.............o###....
####................
##.
##...###......####....


You could see an orc wizard and a white imp.

Vanquished Creatures
  A centaur zombie (D:6)
  Grinder (D:5)
  Sigmund (D:3)
  Eustachio (D:4)
  Menkaure (D:5)
  An orc warrior (D:6)
  An ice beast (D:5)
  2 black bears
  A necrophage (D:5)
  2 centaurs (D:5)
  3 ogres
  A phantom (D:3)
  Blork the orc (D:4)
  A scorpion (D:6)
  A hound (D:6)
  2 orc priests
  A bullfrog skeleton (D:5)
  An iron imp (D:3)
  2 iguanas (D:6)
  An orc wizard (D:5)
  A killer bee zombie (D:5)
  A howler monkey zombie (D:6)
  3 adders
  An ufetubus (D:2)
  An adder skeleton (D:4)
  2 worms
  A dart slug (D:3)
  19 orcs
  2 bat zombies (D:5)
  7 endoplasms
  3 giant cockroaches
  8 goblins
  A hobgoblin (D:2)
  6 jackals
  4 kobolds
  3 quokkas
  5 ball pythons
  5 bats
  8 frilled lizards
  4 rats
  A rat zombie (D:5)
112 creatures vanquished.

Vanquished Creatures (others)
  6 plants (D:3)
6 creatures vanquished.

Grand Total: 118 creatures vanquished

Notes
Turn   | Place    | Note
-------+----------+-------------------------------------------
     0 | D:1      | pokeman the Deep Elf Hedge Wizard began the quest for the
                  | Orb.
     0 | D:1      | Reached XP level 1. HP: 10/10 MP: 7/7
   225 | D:1      | Reached XP level 2. HP: 15/16 MP: 2/9
  1231 | D:2      | Reached skill level 5 in Spellcasting
  1273 | D:2      | Reached XP level 3. HP: 20/20 MP: 9/11
  1277 | D:2      | Learned a level 3 spell: Mephitic Cloud
  1280 | D:2      | Learned a level 2 spell: Call Imp
  1283 | D:2      | Learned a level 2 spell: Blink
  1287 | D:2      | Learned a level 3 spell: Conjure Flame
  1481 | D:2      | Reached skill level 1 in Fighting
  1887 | D:2      | Found a faded altar of an unknown god.
  1988 | D:2      | Reached skill level 1 in Armour
  2196 | D:3      | Noticed a black bear
  2205 | D:3      | Killed a black bear
  2206 | D:3      | Reached skill level 6 in Spellcasting
  2206 | D:3      | Reached skill level 1 in Fire Magic
  2206 | D:3      | Reached XP level 4. HP: 25/25 MP: 10/14
  2206 | D:3      | Reached XP level 5. HP: 29/29 MP: 10/15
  2451 | D:3      | Noticed Sigmund
  2466 | D:3      | Killed Sigmund
  2467 | D:3      | Reached skill level 1 in Air Magic
  2467 | D:3      | Reached XP level 6. HP: 33/34 MP: 11/17
  2639 | D:3      | Noticed a +0 dagger
  2639 | D:3      | Noticed a +0 hand axe
  2640 | D:3      | Found a hide-covered altar of Uskayaw.
  2718 | D:3      | Found Yduyrch's Antique Armour Shop.
  2800 | D:3      | Found a snail-covered altar of Cheibriados.
  3168 | D:4      | Reached skill level 7 in Spellcasting
  3279 | D:4      | Found an iron altar of Okawaru.
  3757 | D:3      | Reached skill level 1 in Poison Magic
  3907 | D:4      | Found a blossoming altar of Fedhas.
  3933 | D:4      | Reached skill level 1 in Evocations
  3933 | D:4      | Reached XP level 7. HP: 38/38 MP: 16/20
  4137 | D:4      | Found a broken altar of Ashenzari.
  4247 | D:4      | Noticed Blork the orc
  4262 | D:4      | Killed Blork the orc
  4393 | D:4      | Noticed Eustachio
  4419 | D:4      | Killed Eustachio
  4420 | D:4      | Reached skill level 8 in Spellcasting
  4569 | D:4      | Found a sparkling altar of Nemelex Xobeh.
  4614 | D:4      | Found an opulent altar of Gozag.
  4764 | D:5      | Entered Level 5 of the Dungeon
  4855 | D:5      | Noticed Menkaure
  4874 | D:5      | Killed Menkaure
  5205 | D:5      | Found an ancient bone altar of Kikubaaqudgha.
  5266 | D:5      | Reached XP level 8. HP: 44/44 MP: 18/22
  5295 | D:5      | Found a sacrificial altar of Ru.
  5325 | D:5      | Noticed Grinder
  5351 | D:5      | Killed Grinder
  5352 | D:5      | Reached skill level 9 in Spellcasting
  5783 | D:5      | Reached skill level 5 in Conjurations
  5882 | D:5      | Reached skill level 10 in Spellcasting
  6285 | D:5      | Found a staircase to the Ecumenical Temple.
  6295 | Temple   | Entered the Ecumenical Temple
  6617 | D:6      | Reached XP level 9. HP: 11/48 MP: 18/25
  6952 | D:6      | Reached skill level 11 in Spellcasting
  7131 | D:6      | Killed from afar by a white imp

Illustrated notes

Levels and vault maps discovered:
D:1:      ncdulo_watergridlock, layout_basic
D:2:      layout_basic, hellmonk_ecumenical_altar_arch_garden
D:3:      layout_loops_cross, dancing_weapons_uskayaw, slow_altar_2,
          serial_shops, nicolae_shop_waterfront, minmay_hedge_maze,
          minmay_lizard_king, uniq_sigmund
D:4:      layout_basic, mainiacjoe_overflow_brackets, lemuel_tele_altar,
          nemelex_dance_club_becter, fedhas_altar_1,
          mainiacjoe_overflow_six_doors_small, uniq_eustachio,
          uniq_blork_the_orc
D:5:      layout_rooms, lemuel_coloured_pillars_altar,
          lemuel_zombie_altar_kikubaaqudgha, minmay_temple_entry_junction_2,
          uniq_grinder, uniq_menkaure
D:6:      nicolae_BIG_FREAKIN_CUBE, layout_cave_pods, overflow_temple_1_default,
          uniq_crazy_yiuf_cottage
Temple:   jpeg_temple_island

Skill      XL: |  1  2  3  4  5  6  7  8  9 |
---------------+----------------------------+-----
Spellcasting   | 5 6 7 8 10 11 | 11.1
Fighting       | 1 2 |  2.4
Armour         | 1 2 3 |  3.0
Dodging        | 3 |  3.0
Conjurations   | 2 3 4 5 6 |  6.0
Fire Magic     | 1 2 4 |  4.8
Stealth        | 3 |  3.2
Air Magic      | 1 |  1.3
Poison Magic   | 1 |  1.0
Evocations     | 1 |  1.3
Summonings     | |  1.1
Translocations | |  1.1

Action                   |  1- 3 |  4- 6 |  7- 9 || total
-------------------------+-------+-------+-------++-------
Melee: Short sword       |    22 |    13 |    88 ||   123
 Cast: Magic Dart        |    83 |    80 |   142 ||   305
       Mephitic Cloud    |     1 |     2 |    17 ||    20
       Conjure Flame     |     1 |     2 |    12 ||    15
       Blink             |       |     2 |     1 ||     3
       Call Imp          |       |     1 |       ||     1
 Stab: Confused          |     1 |     1 |     8 ||    10
       Sleeping          |     1 |       |       ||     1
Armor: Robe              |    14 |     6 |       ||    20
       Leather armour    |       |     6 |    20 ||    26
Dodge: Dodged            |    25 |    27 |    56 ||   108

Table legend: (Time is in decaauts)
 A = Elapsed time spent in this place.
 B = Non-inter-level travel time spent in this place.
 C = Inter-level travel time spent in this place.
 D = Time resting spent in this place.
 E = Time spent auto-exploring this place.
 F = Levels seen in this place.
 G = Mean time per level.
                   A        B        C        D        E       F      G
               +--------+--------+--------+--------+--------+-----+--------+
         Total |   7146 |   6973 |    173 |    817 |   5113 |   7 | 1020.9 |
       Dungeon |   7067 |   6930 |    137 |    817 |   5083 |   6 | 1177.8 |
        Temple |     78 |     42 |     36 |      0 |     30 |   1 |   78.0 |
               +--------+--------+--------+--------+--------+-----+--------+

Top non-repeatable levels by time:
     D:5: 1620 daAuts
     D:3: 1402 daAuts
     D:2: 1330 daAuts
     D:4: 1213 daAuts
     D:1: 826 daAuts
     D:6: 674 daAuts
  Temple: 78 daAuts
